TOP OF THE 1ST |
Washington (APP) Nationals batting - Pitching for Johnson City Cardinals : RHP Nathan Wade
|
Pitching: RHP Nathan Wade
|
|
Batting: RHB Luis Neri
|
0-0: Swinging Strike 0-1: Hit by Pitch
|
Batting: LHB Joseph Martin
|
0-0: Called Strike 0-1: Ball Passed Ball! Luis Neri to second 1-1: Ball Wild Pitch! Luis Neri to third 2-1: Ground out 3-1 (Groundball, 3S, EV 82.5 MPH) Luis Neri scores
|
Batting: RHB Randy Spriet
|
0-0: Called Strike 0-1: Swinging Strike 0-2: Ball 1-2: Ball 2-2: Fly out, F9 (Flyball, 9LS, EV 85.6 MPH)
|
Batting: RHB Masaru Nogami
|
0-0: Called Strike 0-1: Ball 1-1: Ball 2-1: Ball 3-1: Base on Balls
|
Batting: RHB Chris Montgomery
|
0-0: Ball 1-0: Ball 2-0: Fielders Choice at 2nd, 6-4 (Groundball, 6, EV 89.4 MPH)
|
Top of the 1st over - 1 run, 0 hits, 0 errors, 1 left on base; Washington (APP) 1 - Johnson City 0 |
BOTTOM OF THE 1ST |
Johnson City Cardinals batting - Pitching for Washington (APP) Nationals : RHP Mike Welch
|
Pitching: RHP Mike Welch
|
|
Batting: LHB Jasper Schoonhoven
|
0-0: Called Strike 0-1: Foul Ball, location: 2F 0-2: Ground out 6-3 (Groundball, 6, EV 90.6 MPH)
|
Batting: SHB Josh Young
|
0-0: Ball 1-0: Foul Ball, location: 2F 1-1: Ball 2-1: Foul Ball, location: 2F 2-2: Foul Ball, location: 2F 2-2: Foul Ball, location: 2F 2-2: Foul Ball, location: 2F 2-2: Ball 3-2: Base on Balls
|
Batting: RHB Alex Rangel
|
0-0: Ball 1-0: Foul Ball, location: 2F 1-1: Ball 2-1: Grounds into double play, 4-6-3 (Groundball, 4, EV 105.6 MPH)
|
Bottom of the 1st over - 0 runs, 0 hits, 0 errors, 0 left on base; Washington (APP) 1 - Johnson City 0 |
TOP OF THE 2ND |
Washington (APP) Nationals batting - Pitching for Johnson City Cardinals : RHP Nathan Wade
|
Batting: RHB Alex Sandoval
|
0-0: Foul Ball, location: 2F 0-1: Ground out 1-3 (Groundball, P, EV 89.4 MPH)
|
Batting: RHB Jonathan Christensen
|
0-0: SINGLE (Line Drive, 34, EV 96.3 MPH)
|
Batting: RHB Mike Strey
|
0-0: Called Strike 0-1: Ball 1-1: Foul Ball, location: 2F 1-2: Foul Ball, location: 2F 1-2: Ball 2-2: Grounds into double play, 6-4-3 (Groundball, 6, EV 83.8 MPH)
|
Top of the 2nd over - 0 runs, 1 hit, 0 errors, 0 left on base; Washington (APP) 1 - Johnson City 0 |
BOTTOM OF THE 2ND |
Johnson City Cardinals batting - Pitching for Washington (APP) Nationals : RHP Mike Welch
|
Batting: LHB Jon Olesen
|
0-0: Swinging Strike 0-1: Foul Ball, location: 2F 0-2: Ball 1-2: Foul Ball, location: 2F 1-2: SINGLE (Groundball, 34D, EV 105.0 MPH)
|
Batting: RHB Jason Recker
|
0-0: SINGLE (Groundball, 6MD, EV 100.6 MPH) Jon Olesen to second
|
Batting: RHB Shoma Higashi
|
0-0: Called Strike 0-1: SINGLE (Flyball, 89S, EV 89.4 MPH) Jon Olesen to third Jason Recker to second Runner from 3rd tries for Home, SAFE, throw by CF to home
|
Batting: SHB Ben van Halem
|
0-0: Foul Ball, location: 2F 0-1: Ball 1-1: Fielders Choice at 2nd, 3-6 (Groundball, 34D, EV 88.8 MPH) Jason Recker to third
|
Batting: LHB Jalen Morton
|
0-0: Called Strike 0-1: Ball 1-1: Called Strike 1-2: Foul Ball, location: 2F 1-2: Ball 2-2: Fly out, F7 (Flyball, 78D, EV 104.4 MPH) Runner from 3rd tags up, SCORES, throw by LF
|
Batting: RHB Nathan Wade
|
0-0: Ball 1-0: Called Strike 1-1: Ball 2-1: Ball 3-1: Called Strike 3-2: Foul Ball, location: 2F 3-2: Strikes out looking
|
Bottom of the 2nd over - 2 runs, 3 hits, 0 errors, 1 left on base; Washington (APP) 1 - Johnson City 2 |
TOP OF THE 3RD |
Washington (APP) Nationals batting - Pitching for Johnson City Cardinals : RHP Nathan Wade
|
Batting: RHB Mike Welch
|
0-0: Called Strike 0-1: Foul Ball, location: 2F 0-2: Foul Ball, location: 2F 0-2: Ball 1-2: Foul Ball, location: 2F 1-2: SINGLE (Flyball, 9S, EV 93.8 MPH)
|
Batting: RHB Luis Neri
|
0-0: Called Strike
|
|
Rain delay of 50 minutes in the 3rd inning.
|
|
0-1: Ball Wild Pitch! Mike Welch to second 1-1: Ball Wild Pitch! Mike Welch to third 2-1: Ball 3-1: Single, Error in OF, E8, batter to second base (Groundball, 6MD, EV 96.3 MPH) Mike Welch scores
|
Batting: LHB Joseph Martin
|
0-0: Foul Ball, location: 2F 0-1: Ball Passed Ball! Luis Neri to third 1-1: Swinging Strike 1-2: SINGLE (Groundball, 34D, EV 101.9 MPH) Luis Neri scores
|
Batting: RHB Randy Spriet
|
0-0: Called Strike 0-1: Swinging Strike 0-2: Ball Wild Pitch! Joseph Martin to second 1-2: Fly out, F8 (Flyball, 89M, EV 89.4 MPH)
|
Batting: RHB Masaru Nogami
|
0-0: Foul Ball, location: 2F 0-1: Ball 1-1: Foul Ball, location: 2F 1-2: Ground out U3 (Groundball, 3S, EV 80.6 MPH) Joseph Martin to third
|
Batting: RHB Chris Montgomery
|
0-0: Swinging Strike 0-1: Ball 1-1: Ground out 6-3 (Groundball, 6, EV 83.1 MPH)
|
Top of the 3rd over - 2 runs, 3 hits, 1 error, 1 left on base; Washington (APP) 3 - Johnson City 2 |
BOTTOM OF THE 3RD |
Johnson City Cardinals batting - Pitching for Washington (APP) Nationals : RHP Mike Welch
|
Batting: LHB Jasper Schoonhoven
|
0-0: Fly out, F9 (Flyball, 9S, EV 80.6 MPH)
|
Batting: SHB Josh Young
|
0-0: Ball 1-0: Called Strike 1-1: Ground out U3 (Groundball, 3, EV 85.0 MPH)
|
Batting: RHB Alex Rangel
|
0-0: Ball 1-0: SINGLE (Flyball, 7LM, EV 104.4 MPH)
|
Batting: LHB Jon Olesen
|
0-0: Called Strike 0-1: 2-RUN HOME RUN (Flyball, 89XD, EV 103.8 MPH), Distance : 409 ft
|
Batting: RHB Jason Recker
|
0-0: Called Strike 0-1: Ball 1-1: Ball 2-1: Foul Ball, location: 2F 2-2: SOLO HOME RUN (Line Drive, 78XD, EV 100.6 MPH), Distance : 426 ft
|
Batting: RHB Shoma Higashi
|
0-0: Ball 1-0: Called Strike 1-1: Ball 2-1: Ball 3-1: Base on Balls
|
Batting: SHB Ben van Halem
|
0-0: Ball 1-0: Called Strike 1-1: Foul Ball, location: 2F 1-2: SINGLE (Groundball, 34D, EV 103.1 MPH) Shoma Higashi to second
|
Pitching: RHP Wayne Walker
|
|
Batting: LHB Jalen Morton
|
0-0: Ball 1-0: Ball Passed Ball! Shoma Higashi to third Ben van Halem to second 2-0: Ball 3-0: Base on Balls
|
Batting: RHB Nathan Wade
|
0-0: Ground out 6-3 (Groundball, 6MS, EV 85.0 MPH)
|
Bottom of the 3rd over - 3 runs, 4 hits, 0 errors, 3 left on base; Washington (APP) 3 - Johnson City 5 |
TOP OF THE 4TH |
Washington (APP) Nationals batting - Pitching for Johnson City Cardinals : RHP Nathan Wade
|
Batting: RHB Alex Sandoval
|
0-0: Ball 1-0: Foul Ball, location: 2F 1-1: Ground out U3 (Groundball, 3, EV 90.0 MPH)
|
Batting: RHB Jonathan Christensen
|
0-0: Ball 1-0: Ball 2-0: Foul Ball, location: 2F 2-1: Ground out 1-3 (Groundball, P, EV 76.9 MPH)
|
Batting: RHB Mike Strey
|
0-0: Ball 1-0: Fly out, F8 (Flyball, 89D, EV 95.6 MPH)
|
Top of the 4th over - 0 runs, 0 hits, 0 errors, 0 left on base; Washington (APP) 3 - Johnson City 5 |
BOTTOM OF THE 4TH |
Johnson City Cardinals batting - Pitching for Washington (APP) Nationals : RHP Wayne Walker
|
Batting: LHB Jasper Schoonhoven
|
0-0: Ball 1-0: Ball 2-0: Ball 3-0: Called Strike 3-1: Called Strike 3-2: Foul Ball, location: 2F 3-2: Foul Ball, location: 2F 3-2: DOUBLE (Groundball, 5L, EV 101.9 MPH)
|
Batting: SHB Josh Young
|
0-0: Called Strike 0-1: SINGLE (Flyball, 7S, EV 96.9 MPH) Jasper Schoonhoven to third
|
Batting: RHB Alex Rangel
|
0-0: Ball 1-0: Ball 2-0: Ball 3-0: Called Strike 3-1: Base on Balls Josh Young to second
|
Batting: LHB Jon Olesen
|
0-0: Ball 1-0: Ball 2-0: Grounds into double play, 1-2-3 (Groundball, 34S, EV 63.8 MPH) Josh Young to third Alex Rangel to second
|
Batting: RHB Jason Recker
|
0-0: Ground out 4-3 (Groundball, 4, EV 103.8 MPH)
|
Bottom of the 4th over - 0 runs, 2 hits, 0 errors, 2 left on base; Washington (APP) 3 - Johnson City 5 |
TOP OF THE 5TH |
Washington (APP) Nationals batting - Pitching for Johnson City Cardinals : RHP Nathan Wade
|
Batting: LHB Wayne Walker
|
0-0: Called Strike 0-1: Ball 1-1: Ground out 4-3 (Groundball, 34D, EV 83.8 MPH)
|
Batting: RHB Luis Neri
|
0-0: Called Strike 0-1: SINGLE (Groundball, 5D, EV 98.8 MPH)
|
Batting: LHB Joseph Martin
|
0-0: Called Strike Luis Neri steals 2nd base 0-1: Ball 1-1: Ground out 4-3 (Groundball, 4, EV 86.9 MPH) Luis Neri to third
|
Batting: RHB Randy Spriet
|
0-0: Ball 1-0: Ball 2-0: Ball 3-0: Base on Balls
|
Batting: RHB Masaru Nogami
|
0-0: Ball 1-0: Called Strike Randy Spriet steals 2nd base 1-1: Ball 2-1: Ball Wild Pitch! Luis Neri scores Randy Spriet to third 3-1: Base on Balls
|
Pitching: RHP Shigeo Sudo
|
|
Batting: RHB Chris Montgomery
|
0-0: DOUBLE (Flyball, 78D, EV 94.4 MPH) Randy Spriet scores Masaru Nogami to third
|
Batting: RHB Alex Sandoval
|
0-0: Fly out, F9 (Flyball, 9LD, EV 104.4 MPH)
|
Top of the 5th over - 2 runs, 2 hits, 0 errors, 2 left on base; Washington (APP) 5 - Johnson City 5 |
BOTTOM OF THE 5TH |
Johnson City Cardinals batting - Pitching for Washington (APP) Nationals : RHP Wayne Walker
|
Batting: RHB Shoma Higashi
|
0-0: Foul Ball, location: 2F 0-1: Ball 1-1: Ball 2-1: Fly out, F8 (Flyball, 78D, EV 98.1 MPH)
|
Batting: SHB Ben van Halem
|
0-0: Ball 1-0: Ball 2-0: Ball 3-0: Base on Balls
|
Batting: LHB Jalen Morton
|
0-0: Ball 1-0: Swinging Strike 1-1: Ball 2-1: DOUBLE (Line Drive, 78D, EV 102.5 MPH) Ben van Halem to third
|
Batting: RHB Shigeo Sudo
|
0-0: Called Strike 0-1: Ball 1-1: SINGLE (Groundball, 6M, EV 99.4 MPH) Ben van Halem scores Jalen Morton to third Runner from 3rd tries for Home, SAFE, no throw by CF
|
Batting: LHB Jasper Schoonhoven
|
0-0: Ball 1-0: Called Strike 1-1: Ball 2-1: Ball 3-1: Called Strike 3-2: Foul Ball, location: 2F 3-2: Base on Balls Shigeo Sudo to second
|
Batting: SHB Josh Young
|
0-0: Ball 1-0: Swinging Strike 1-1: Ball 2-1: SINGLE (Groundball, 56D, EV 102.5 MPH) Shigeo Sudo to third Jasper Schoonhoven to second Runner from 3rd tries for Home, SAFE, no throw by LF
|
Batting: RHB Alex Rangel
|
0-0: Ball 1-0: Ball 2-0: Ball Wild Pitch! Jasper Schoonhoven to third Josh Young to second 3-0: Called Strike 3-1: Base on Balls
|
Batting: LHB Jon Olesen
|
0-0: Fielders Choice at 2nd, 3-6 (Groundball, 34, EV 107.5 MPH) Jasper Schoonhoven scores Josh Young to third
|
Batting: RHB Jason Recker
|
0-0: Foul Ball, location: 2F Pickoff Throw to First - Error! E1 Josh Young scores Jon Olesen to second 0-1: Reached on error, E5 (Groundball, 56S, EV 86.9 MPH) Jon Olesen to third
|
Batting: RHB Shoma Higashi
|
0-0: Called Strike 0-1: Swinging Strike 0-2: Foul Ball, location: 2F 0-2: SINGLE (Groundball, 6MD, EV 101.9 MPH) Jon Olesen scores Jason Recker to second
|
Pitching: LHP Mike Rex
|
|
Batting: SHB Ben van Halem
|
0-0: Called Strike 0-1: Ball 1-1: Fly out, F7 (Flyball, 78S, EV 91.3 MPH)
|
Bottom of the 5th over - 6 runs, 4 hits, 2 errors, 2 left on base; Washington (APP) 5 - Johnson City 11 |
TOP OF THE 6TH |
Washington (APP) Nationals batting - Pitching for Johnson City Cardinals : RHP Shigeo Sudo
|
Batting: RHB Jonathan Christensen
|
0-0: Ball 1-0: Called Strike 1-1: Foul Ball, location: 2F 1-2: SINGLE (Groundball, 56D, EV 106.3 MPH)
|
Batting: RHB Mike Strey
|
0-0: Ball Passed Ball! Jonathan Christensen to second 1-0: SINGLE (Groundball, 25, EV 73.1 MPH) (infield hit) Jonathan Christensen to third
|
Batting: RHB Mike Rex
|
0-0: SINGLE (Groundball, 6MD, EV 99.4 MPH) Jonathan Christensen scores Mike Strey to second
|
Batting: RHB Luis Neri
|
0-0: Called Strike 0-1: Fielders Choice at 2nd, 5-4 (Groundball, 5S, EV 76.3 MPH) Mike Strey to third
|
Batting: LHB Joseph Martin
|
0-0: Ball Passed Ball! Mike Strey scores Luis Neri to second 1-0: Ball 2-0: Ball 3-0: Called Strike 3-1: Ground out 4-3 (Groundball, 4, EV 101.9 MPH) Luis Neri to third
|
Batting: RHB Randy Spriet
|
0-0: Called Strike 0-1: Ball 1-1: DOUBLE (Flyball, 89D, EV 105.6 MPH) Luis Neri scores
|
Pitching: RHP Ron Rawl
|
|
Now at 1B: George O'Grady
|
|
Batting: RHB Masaru Nogami
|
0-0: Ball 1-0: Ball 2-0: Foul Ball, location: 2F 2-1: Fly out, F8 (Flyball, 8RS, EV 85.0 MPH)
|
Top of the 6th over - 3 runs, 4 hits, 0 errors, 1 left on base; Washington (APP) 8 - Johnson City 11 |
BOTTOM OF THE 6TH |
Johnson City Cardinals batting - Pitching for Washington (APP) Nationals : LHP Mike Rex
|
Batting: LHB Jalen Morton
|
0-0: Foul Ball, location: 2F 0-1: Swinging Strike 0-2: SOLO HOME RUN (Flyball, 9LD, EV 100.6 MPH), Distance : 338 ft
|
Batting: RHB George O'Grady
|
0-0: SINGLE (Groundball, 56D, EV 98.1 MPH)
|
Batting: LHB Jasper Schoonhoven
|
0-0: Swinging Strike 0-1: Foul Ball, location: 2F 0-2: Ball 1-2: Ball 2-2: 2-RUN HOME RUN (Flyball, 89XD, EV 105.0 MPH), Distance : 419 ft
|
Batting: SHB Josh Young
|
0-0: Swinging Strike 0-1: Foul Ball, location: 2F 0-2: Fly out, F5 (Popup, 5, EV 69.4 MPH)
|
Batting: RHB Alex Rangel
|
0-0: Ball 1-0: Ball 2-0: Called Strike 2-1: Foul Ball, location: 2F 2-2: Ball 3-2: Ground out 5-3 (Groundball, 5S, EV 90.6 MPH)
|
Batting: LHB Jon Olesen
|
0-0: Ball 1-0: Ground out U3 (Groundball, 3, EV 80.6 MPH)
|
Bottom of the 6th over - 3 runs, 3 hits, 0 errors, 0 left on base; Washington (APP) 8 - Johnson City 14 |
TOP OF THE 7TH |
Washington (APP) Nationals batting - Pitching for Johnson City Cardinals : RHP Ron Rawl
|
Batting: RHB Chris Montgomery
|
0-0: Ground out 6-3 (Groundball, 6, EV 84.4 MPH)
|
Batting: RHB Alex Sandoval
|
0-0: Called Strike 0-1: Ball 1-1: Hit by Pitch
|
Batting: RHB Jonathan Christensen
|
0-0: Ball Wild Pitch! Alex Sandoval to second 1-0: Ball 2-0: Ball Passed Ball! Alex Sandoval to third 3-0: Base on Balls
|
Batting: RHB Mike Strey
|
0-0: Ball 1-0: Foul Ball, location: 2F 1-1: Ball 2-1: Called Strike 2-2: Ball Wild Pitch! Alex Sandoval scores Jonathan Christensen to second 3-2: Strikes out swinging
|
Batting: RHB Mike Rex
|
0-0: Ground out 3-1 (Groundball, 34, EV 106.9 MPH)
|
Top of the 7th over - 1 run, 0 hits, 0 errors, 1 left on base; Washington (APP) 9 - Johnson City 14 |
BOTTOM OF THE 7TH |
Johnson City Cardinals batting - Pitching for Washington (APP) Nationals : LHP Mike Rex
|
Batting: RHB Jason Recker
|
0-0: DOUBLE (Line Drive, 7LM, EV 95.0 MPH)
|
Batting: RHB Shoma Higashi
|
0-0: Ball 1-0: Ball 2-0: Called Strike 2-1: Ground out 1-3 (Groundball, 15S, EV 70.0 MPH)
|
Pinch Hitting: RHB Tony Mejia
|
0-0: Ball 1-0: Foul Ball, location: 2F 1-1: SINGLE (Groundball, 6MD, EV 100.6 MPH) Jason Recker to third
|
Batting: LHB Jalen Morton
|
0-0: Fielders Choice at 2nd, 4-6 (Groundball, 34, EV 110.0 MPH) Jason Recker scores
|
Batting: RHB George O'Grady
|
0-0: Ball 1-0: Fielders Choice at 2nd, 5-4 (Groundball, 5L, EV 90.0 MPH)
|
Bottom of the 7th over - 1 run, 2 hits, 0 errors, 1 left on base; Washington (APP) 9 - Johnson City 15 |
TOP OF THE 8TH |
Washington (APP) Nationals batting - Pitching for Johnson City Cardinals : RHP Ron Rawl
|
Pitching: RHP Jim Pfeiffer
|
|
Batting: RHB Luis Neri
|
0-0: Ball 1-0: Swinging Strike 1-1: Ball 2-1: Swinging Strike 2-2: Strikes out swinging, 2-3 out at first.
|
Batting: LHB Joseph Martin
|
0-0: Called Strike 0-1: Ball 1-1: Ball 2-1: Swinging Strike 2-2: Ball 3-2: Base on Balls
|
Batting: RHB Randy Spriet
|
0-0: DOUBLE (Line Drive, 3D, EV 99.4 MPH) Joseph Martin to third Runner from 3rd tries for Home, SAFE, throw by RF to home
|
Batting: RHB Masaru Nogami
|
0-0: Called Strike 0-1: Called Strike 0-2: Ball Passed Ball! Randy Spriet to third 1-2: Ball 2-2: Strikes out swinging
|
Batting: RHB Chris Montgomery
|
0-0: Swinging Strike 0-1: Called Strike 0-2: Ball 1-2: Ball 2-2: Foul Ball, location: 2F 2-2: Strikes out swinging
|
Top of the 8th over - 1 run, 1 hit, 0 errors, 1 left on base; Washington (APP) 10 - Johnson City 15 |
BOTTOM OF THE 8TH |
Johnson City Cardinals batting - Pitching for Washington (APP) Nationals : LHP Mike Rex
|
Batting: LHB Jasper Schoonhoven
|
0-0: Foul Ball, location: 2F 0-1: Foul Ball, location: 2F 0-2: Ball 1-2: Ball 2-2: Foul Ball, location: 2F 2-2: Foul Ball, location: 2F 2-2: Ground out 6-3 (Groundball, 6, EV 100.6 MPH)
|
Batting: SHB Josh Young
|
0-0: Ground out 4-3 (Groundball, 4, EV 84.4 MPH)
|
Batting: RHB Alex Rangel
|
0-0: Ball 1-0: Ball 2-0: Ball 3-0: Called Strike 3-1: Foul Ball, location: 2F 3-2: Foul Ball, location: 2F 3-2: Base on Balls
|
Batting: LHB Jon Olesen
|
0-0: Called Strike 0-1: Fly out, F7 (Flyball, 78D, EV 82.5 MPH)
|
Bottom of the 8th over - 0 runs, 0 hits, 0 errors, 1 left on base; Washington (APP) 10 - Johnson City 15 |
TOP OF THE 9TH |
Washington (APP) Nationals batting - Pitching for Johnson City Cardinals : RHP Jim Pfeiffer
|
Batting: RHB Alex Sandoval
|
0-0: Foul Ball, location: 2F 0-1: Swinging Strike 0-2: Foul Ball, location: 2F 0-2: Foul Ball, location: 2F 0-2: SINGLE (Line Drive, 56D, EV 101.9 MPH)
|
Batting: RHB Jonathan Christensen
|
0-0: Foul Ball, location: 2F 0-1: Called Strike 0-2: Foul Ball, location: 2F 0-2: Ball Wild Pitch! Alex Sandoval to second 1-2: Ball 2-2: Strikes out swinging
|
Batting: RHB Mike Strey
|
0-0: Called Strike 0-1: Fly out, F9 (Flyball, 9S, EV 96.9 MPH)
|
Batting: RHB Mike Rex
|
0-0: Swinging Strike Passed Ball! Alex Sandoval to third 0-1: Ball Wild Pitch! Alex Sandoval scores 1-1: Called Strike 1-2: Foul Ball, location: 2F 1-2: Foul Ball, location: 2F 1-2: Ball 2-2: Ball 3-2: Strikes out swinging
|
Top of the 9th over - 1 run, 1 hit, 0 errors, 0 left on base; Washington (APP) 11 - Johnson City 15 |
 |
Sunday, July 16th , 2023 - OOTP Baseball 24.6 Build 69
|
|